[ AOE2 MATCH · #505636727 ]
UnrankedMongols vs Portuguese
Player's team · LOSS
Rival team · WIN
[ REPLAY ANALYSIS · EXTRACTED FROM THE RECORDED GAME ]
Feudal
8:28
Castle
—
Imperial
—
| APM avg | 76.4 |
| APM peak | 107 |
| eAPM avg | 25.8 |
| Villagers / military | 47 / 10 |
Focus
⚔️ 29.0% · 🌾 71.0%
Skirmisher ×6 · Scout Cavalry ×3 · Archer ×1
Feudal
9:13
Castle
—
Imperial
—
| APM avg | 68.7 |
| APM peak | 112 |
| eAPM avg | 24.9 |
| Villagers / military | 43 / 17 |
Focus
⚔️ 22.3% · 🌾 77.7%
Archer ×11 · Militia ×4 · Spearman ×2
Match map
Initial resources + every placement click. Lines = walls · curves = elevation contours. ◆ gold · ⬟ stone · ● berries · ✦ relic · ◌ wall gap
Your base· ✓ Closed at 12:00 · 36t walls · no gate
Jahhed's base· Open — opponent sealed themselves in
Smoothed initial terrain · ◌ = detected wall gap · hover for details
Inputs per minute
— j1nkerS - - Jahhed
Build order — j1nkerS
132 actions detected in the replay
| 0:00 | Create | Villager (Male) |
| 0:00 | Create | Villager (Male) |
| 0:01 | Create | Villager (Male) |
| 0:01 | Create | Villager (Male) |
| 0:02 | Build | House |
| 0:03 | Build | House |
| 0:20 | Build | House |
| 0:44 | Build | House |
| 0:53 | Build | House |
| 1:02 | Build | House |
| 1:28 | Create | Villager (Male) |
| 1:45 | Build | Lumber Camp |
| 1:59 | Build | Lumber Camp |
| 2:04 | Create | Villager (Male) |
| 2:04 | Create | Villager (Male) |
| 2:18 | Create | Villager (Male) |
| 2:34 | Build | House |
| 2:57 | Create | Villager (Male) |
| 2:57 | Create | Villager (Male) |
| 3:05 | Create | Villager (Male) |
| 3:05 | Create | Villager (Male) |
| 3:22 | Create | Villager (Male) |
| 3:22 | Create | Villager (Male) |
| 3:51 | Build | House |
| 4:12 | Create | Villager (Male) |
| 4:12 | Create | Villager (Male) |
| 4:13 | Create | Villager (Male) |
| 5:03 | Create | Villager (Male) |
| 5:03 | Create | Villager (Male) |
| 5:04 | Create | Villager (Male) |
| 5:27 | Create | Villager (Male) |
| 5:28 | Create | Villager (Male) |
| 5:33 | Build | Mill |
| 5:37 | Create | Villager (Male) |
| 6:16 | Research | Feudal Age |
| 6:24 | Build | House |
| 6:26 | Build | Palisade Wall |
| 6:28 | Build | Palisade Wall |
| 6:29 | Build | Palisade Wall |
| 7:14 | Build | Lumber Camp |
| 7:41 | Build | Barracks |
| 7:47 | Build | House |
| 8:28 | Age | Feudal Age |
| 8:28 | Create | Villager (Male) |
| 8:37 | Create | Villager (Male) |
| 8:39 | Build | Stable |
| 8:52 | Build | Palisade Wall |
| 8:55 | Build | Palisade Wall |
| 9:00 | Build | Palisade Wall |
| 9:01 | Build | Palisade Wall |
| 9:12 | Create | Villager (Male) |
| 9:23 | Build | Palisade Wall |
| 9:24 | Build | Palisade Wall |
| 9:29 | Create | Villager (Male) |
| 9:30 | Research | Double-Bit Axe |
| 9:30 | Create | Scout Cavalry |
| 9:38 | Create | Villager (Male) |
| 9:41 | Build | Palisade Wall |
| 9:47 | Create | Villager (Male) |
| 9:57 | Research | Loom |
| 10:10 | Build | House |
| 10:13 | Build | House |
| 10:15 | Build | Palisade Wall |
| 10:23 | Build | House |
| 10:29 | Build | House |
| 10:35 | Create | Villager (Male) |
| 10:35 | Create | Villager (Male) |
| 10:39 | Create | Scout Cavalry |
| 10:51 | Build | Palisade Wall |
| 10:58 | Create | Villager (Male) |
| 11:04 | Build | Archery Range |
| 11:23 | Create | Scout Cavalry |
| 11:35 | Create | Villager (Male) |
| 12:04 | Create | Villager (Male) |
| 12:05 | Build | Palisade Wall |
| 12:07 | Build | Palisade Wall |
| 12:10 | Build | Palisade Wall |
| 12:12 | Build | Palisade Wall |
| 12:25 | Build | Palisade Wall |
| 12:28 | Build | Palisade Wall |
| 12:41 | Create | Villager (Male) |
| 12:43 | Build | Farm |
| 12:46 | Research | Horse Collar |
| 12:48 | Build | Farm |
| 12:48 | Build | Farm |
| 12:48 | Build | Farm |
| 12:49 | Build | Farm |
| 13:04 | Create | Villager (Male) |
| 13:08 | Create | Archer |
| 13:30 | Create | Villager (Male) |
| 13:31 | Create | Skirmisher |
| 13:35 | Build | Farm |
| 14:03 | Create | Villager (Male) |
| 14:04 | Build | Farm |
| 14:15 | Create | Skirmisher |
| 14:21 | Build | Farm |
| 14:43 | Create | Villager (Male) |
| 14:54 | Create | Villager (Male) |
| 14:57 | Build | Farm |
| 14:57 | Build | Farm |
| 14:57 | Build | Farm |
| 14:57 | Build | Farm |
| 14:58 | Build | Farm |
| 14:58 | Build | Farm |
| 15:12 | Build | Farm |
| 15:29 | Build | Mining Camp |
| 15:34 | Create | Villager (Male) |
| 15:56 | Create | Villager (Male) |
| 16:00 | Create | Villager (Male) |
| 16:17 | Create | Villager (Male) |
| 16:36 | Create | Skirmisher |
| 16:43 | Build | Market |
| 16:47 | Build | House |
| 16:58 | Build | House |
| 17:03 | Build | House |
| 17:05 | Build | House |
| 17:11 | Create | Villager (Male) |
| 17:14 | Create | Villager (Male) |
| 17:17 | Build | House |
| 17:19 | Build | House |
| 17:20 | Build | House |
| 17:26 | Create | Skirmisher |
| 17:42 | Create | Skirmisher |
| 17:59 | Create | Villager (Male) |
| 18:18 | Create | Skirmisher |
| 18:27 | Build | Mill |
| 18:27 | Build | Farm |
| 18:27 | Build | Farm |
| 18:27 | Build | Farm |
| 18:28 | Build | Farm |
| 18:28 | Build | Farm |
| 18:28 | Build | Farm |
Build order — Jahhed
108 actions detected in the replay
| 0:01 | Create | Villager (Male) |
| 0:01 | Create | Villager (Male) |
| 0:02 | Build | House |
| 0:04 | Build | House |
| 0:19 | Create | Villager (Male) |
| 0:19 | Create | Villager (Male) |
| 1:19 | Create | Villager (Male) |
| 1:20 | Create | Villager (Male) |
| 2:07 | Create | Villager (Male) |
| 2:07 | Create | Villager (Male) |
| 2:10 | Build | Lumber Camp |
| 2:31 | Create | Villager (Male) |
| 2:31 | Create | Villager (Male) |
| 2:48 | Create | Villager (Male) |
| 2:48 | Create | Villager (Male) |
| 3:13 | Create | Villager (Male) |
| 3:40 | Create | Villager (Male) |
| 3:40 | Create | Villager (Male) |
| 3:51 | Build | House |
| 3:58 | Create | Villager (Male) |
| 4:05 | Create | Villager (Male) |
| 4:05 | Create | Villager (Male) |
| 4:18 | Create | Villager (Male) |
| 4:19 | Create | Villager (Male) |
| 5:24 | Create | Villager (Male) |
| 5:37 | Build | Mill |
| 5:47 | Create | Villager (Male) |
| 6:06 | Create | Villager (Male) |
| 6:21 | Build | House |
| 6:32 | Research | Loom |
| 6:57 | Build | Barracks |
| 7:03 | Research | Feudal Age |
| 7:04 | Research | Feudal Age |
| 7:54 | Build | House |
| 7:55 | Create | Militia |
| 7:55 | Create | Militia |
| 7:56 | Create | Militia |
| 8:04 | Build | Mining Camp |
| 8:25 | Build | Palisade Wall |
| 8:32 | Build | Palisade Wall |
| 8:51 | Create | Militia |
| 9:12 | Create | Villager (Male) |
| 9:13 | Age | Feudal Age |
| 9:22 | Research | Man-at-Arms (upgrade) |
| 9:28 | Create | Villager (Male) |
| 9:43 | Build | Archery Range |
| 9:45 | Build | House |
| 9:59 | Create | Villager (Male) |
| 10:08 | Build | Palisade Wall |
| 10:20 | Create | Villager (Male) |
| 10:43 | Create | Villager (Male) |
| 10:45 | Build | Farm |
| 10:49 | Build | Farm |
| 10:53 | Create | Spearman |
| 10:59 | Create | Archer |
| 11:12 | Build | House |
| 11:21 | Create | Villager (Male) |
| 11:28 | Research | Horse Collar |
| 11:33 | Build | Farm |
| 11:42 | Build | Farm |
| 11:47 | Build | Palisade Wall |
| 11:48 | Create | Archer |
| 12:15 | Create | Villager (Male) |
| 12:16 | Create | Archer |
| 12:22 | Create | Villager (Male) |
| 12:24 | Build | House |
| 12:43 | Create | Villager (Male) |
| 12:44 | Build | Farm |
| 12:47 | Build | Farm |
| 12:49 | Create | Archer |
| 12:57 | Create | Archer |
| 12:58 | Create | Spearman |
| 13:04 | Build | Blacksmith |
| 13:06 | Build | Palisade Wall |
| 13:31 | Create | Villager (Male) |
| 13:32 | Create | Archer |
| 13:35 | Create | Villager (Male) |
| 14:20 | Create | Archer |
| 14:21 | Create | Villager (Male) |
| 14:24 | Build | Farm |
| 14:26 | Build | Farm |
| 14:28 | Research | Fletching |
| 14:47 | Create | Villager (Male) |
| 14:54 | Build | Farm |
| 14:56 | Build | Farm |
| 14:58 | Build | Farm |
| 15:02 | Build | Farm |
| 15:10 | Create | Archer |
| 15:18 | Create | Villager (Male) |
| 15:21 | Build | Farm |
| 15:24 | Build | Farm |
| 15:26 | Build | Farm |
| 15:32 | Create | Villager (Male) |
| 15:49 | Build | House |
| 16:05 | Research | Wheelbarrow |
| 16:09 | Build | House |
| 16:19 | Build | Lumber Camp |
| 16:25 | Create | Villager (Male) |
| 16:42 | Create | Archer |
| 17:10 | Create | Villager (Male) |
| 17:18 | Create | Archer |
| 17:39 | Create | Villager (Male) |
| 17:57 | Create | Villager (Male) |
| 18:13 | Create | Villager (Male) |
| 18:16 | Create | Archer |
| 18:21 | Build | Farm |
| 18:25 | Build | Farm |
| 18:27 | Build | House |
Match timeline
| 6:26 | j1nkerS · wall_segment Palisade Wall x4 |
| 6:28 | j1nkerS · wall_segment Palisade Wall x4 |
| 6:29 | j1nkerS · wall_segment Palisade Wall x3 |
| 6:57 | Jahhed · first_building Barracks |
| 7:41 | j1nkerS · first_building Barracks |
| 8:25 | Jahhed · wall_segment Palisade Wall x5 |
| 8:28 | j1nkerS · age_up feudal |
| 8:32 | Jahhed · wall_segment Palisade Wall x4 |
| 8:39 | j1nkerS · first_building Stable |
| 8:52 | j1nkerS · wall_segment Palisade Wall x1 |
| 8:55 | j1nkerS · wall_segment Palisade Wall x5 |
| 9:00 | j1nkerS · wall_segment Palisade Wall x3 |
| 9:01 | j1nkerS · wall_segment Palisade Wall x3 |
| 9:13 | Jahhed · age_up feudal |
| 9:23 | j1nkerS · wall_segment Palisade Wall x5 |
| 9:24 | j1nkerS · wall_segment Palisade Wall x5 |
| 9:41 | j1nkerS · wall_segment Palisade Wall x1 |
| 9:43 | Jahhed · first_building Archery Range |
| 10:08 | Jahhed · wall_segment Palisade Wall x1 |
| 10:15 | j1nkerS · wall_segment Palisade Wall x1 |
| 10:51 | j1nkerS · wall_segment Palisade Wall x1 |
| 11:04 | j1nkerS · first_building Archery Range |
| 11:47 | Jahhed · wall_segment Palisade Wall x1 |
| 12:05 | j1nkerS · wall_segment Palisade Wall x1 |
| 12:07 | j1nkerS · wall_segment Palisade Wall x1 |
| 12:10 | j1nkerS · wall_segment Palisade Wall x1 |
| 12:12 | j1nkerS · wall_segment Palisade Wall x1 |
| 12:25 | j1nkerS · wall_segment Palisade Wall x1 |
| 12:28 | j1nkerS · wall_segment Palisade Wall x1 |
| 13:06 | Jahhed · wall_segment Palisade Wall x1 |
| 18:31 | j1nkerS · resign |
[ AI ANALYSIS · 1 CREDIT ]
What really happened in this match?
Wolo.gg analyzes every decision: build order, eco, micro, common mistakes by bracket. Personalized analysis on WhatsApp or Discord in 30 seconds.
Civ guide
Mongols
Perfil
j1nkerS